 Dungeon Sprint DCSS version 0.15.2 (webtiles) character file.

7 MordorOrchid the Shield-Bearer (level 2, -2/22 HPs)
             Began as an Octopode Earth Elementalist on June 5, 2021.
             Succumbed to a water moccasin's poison
             ... in the Dungeon (Sprint V: "Ziggurat Sprint").
             The game lasted 00:04:01 (77 turns).

MordorOrchid the Shield-Bearer (OpEE)                 Turns: 77, Time: 00:04:01

HP  -2/22        AC  1     Str 22      XL: 2   Next:  4%
MP   4/4         EV  6     Int 29      God:
Gold 0           SH 29     Dex 24      Spells:  2 memorised,  2 levels left

rFire  . . .     SeeInvis +     E - +14 obsidian axe {chop, +Fly Str+3 SInv Curse}
rCold  . . .     Clarity  .     F - +18 shield of the gong {rElec rN+ MR+ EV-5}
rNeg   + . .     rCorr    .     (helmet restricted)
rPois  .         rRot     .     (no amulet)
rElec  +         Spirit   .     v - +6 ring of dexterity
SustAb .         Warding  .     w - +6 ring of dexterity
rMut   .         NoTele   +     x - +6 ring of intelligence
Gourm  .                        y - +6 ring of intelligence
MR     +....                    z - +6 ring of strength
                                A - +6 ring of strength
                                B - ring of flight
                                (no ring)

@: lethally poisoned, mesmerised, somewhat resistant to hostile enchantments,
stealthy
A: almost no armour, amphibious, 8 rings, constrict 8, camouflage 1, gelatinous
body 1
a: Evoke Flight


You were in the Dungeon.
You were not hungry.

You visited 1 branch

Inventory:

Hand weapons
 E - the cursed +14 obsidian axe (weapon) {chop, +Fly Str+3 SInv Curse}
   (You found it in the Dungeon)

   It inflicts extra damage upon your enemies.
   It affects your strength (+3).
   It enhances your eyesight.
   It lets you fly.
   It may recurse itself when equipped.
   It has a curse placed upon it.
 G - the +6 Majin-Bo {vamp, Archmagi, MP+6 Int+6}
   (You found it in the Dungeon)

   It inflicts no extra harm, but heals its wielder somewhat when it strikes a
   living foe.
   It affects your intelligence (+6).
   It affects your magic capacity (+6).
 Q - a +5 broad axe
Missiles
 b - 20 stones (quivered)
 R - 1000 arrows
Armour
 F - the +18 shield of the gong (worn) {rElec rN+ MR+ EV-5}
   (You found it in the Dungeon)

   It affects your evasion (-5).
   It insulates you from electricity.
   It protects you from negative energy.
   It affects your resistance to hostile enchantments.
Magical devices
 q - a wand of disintegration (7)
 r - a wand of fire (5)
 s - a wand of cold (5)
 t - a wand of draining (5)
Comestibles
 a - 5 bread rations
 H - 42 fruits
 I - 4 meat rations
Scrolls
 j - 4 scrolls of blinking
 J - 4 scrolls of amnesia
 K - 3 scrolls of recharging
 L - 7 scrolls of fog
 M - a scroll of holy word
 N - 5 scrolls of identify
 O - 5 scrolls of remove curse
 P - 2 scrolls of fear
Jewellery
 v - a +6 ring of dexterity (left tentacle)
 w - a +6 ring of dexterity (right tentacle)
 x - a +6 ring of intelligence (on tentacle)
 y - a +6 ring of intelligence (on tentacle)
 z - a +6 ring of strength (on tentacle)
 A - a +6 ring of strength (on tentacle)
 B - a ring of flight (on tentacle)
Potions
 c - 2 potions of brilliance
 e - 10 potions of curing
 f - 10 potions of heal wounds
 g - 6 potions of haste
 h - 7 potions of magic
 i - 3 potions of berserk rage
 k - 2 potions of invisibility
 l - 2 potions of restore abilities
 m - 4 potions of resistance
 o - 5 potions of agility
 p - 5 potions of might
Books
 d - a book of Geomancy

   Spells                             Type                      Level
   *Sandblast                         Earth                        1
   *Stoneskin                         Transmutation/Earth          2
   Passwall                           Transmutation/Earth          3
   Stone Arrow                        Conjuration/Earth            3
   Petrify                            Transmutation/Earth          4
   Lee's Rapid Deconstruction         Earth                        5
 C - a tome of Destruction
Magical staves
 u - an uncursed staff of energy
Miscellaneous
 D - a disc of storms


   Skills:
 * Level 4.0 Fighting
 * Level 2.0 Dodging
 - Level 2.6 Stealth
 * Level 5.9 Shields
 * Level 2.0 Spellcasting
 * Level 1.0 Transmutations
 + Level 3.0 Earth Magic


You had 2 spell levels left.
You knew the following spells:

 Your Spells              Type           Power        Failure   Level  Hunger
a - Sandblast             Erth           ###...       8%          1    None
y - Stoneskin             Trmt/Erth      ##......     14%         2    ##.....


Dungeon Overview and Level Annotations

Branches:
Dungeon (1/1)

Altars:
Ashenzari
Cheibriados
Dithmenos
Elyvilon
Fedhas
Kikubaaqudgha
Makhleb
Nemelex Xobeh
Okawaru
Qazlal
Sif Muna
Trog
Vehumet
Xom
Yredelemnul
Zin
The Shining One
Beogh
Jiyva
Lugonu


Innate Abilities, Weirdness & Mutations

You cannot wear most types of armour.
You are amphibious.
You can wear up to eight rings at the same time.
You can use your tentacles to constrict many enemies at once.
Your skin changes colour to match your surroundings (Stealth).
Your rubbery body absorbs attacks (AC +1).


Message History

You squeeze the water moccasin, but do no damage.
The water moccasin is heavily wounded.
You block the water moccasin's attack.
PANG!
The water moccasin closely misses you. The water moccasin bites you!
You are lethally poisoned!
The water moccasin poisons you!
You closely miss the water moccasin. Your grab misses the water moccasin.
The water moccasin is heavily wounded.
* * * LOW HITPOINT WARNING * * *
You feel sick. You block the water moccasin's attack.
SHROANNG!
The water moccasin bites you.
* * * LOW HITPOINT WARNING * * *
You are more poisoned.
The water moccasin poisons you!
You closely miss the water moccasin. You grab the water moccasin.
The water moccasin is heavily wounded.
You constrict the water moccasin, but do no damage.
You die...

▓▓▓▓▓▓▓
▓.8©8.▓
▓.....▓
▓.|.S.▓
▓..@..▓
▓.....▓
▓.....▓
▓▓▓▓▓▓▓


You could see a water moccasin.

Vanquished Creatures
  A ball python (D)
1 creature vanquished.

Notes
Turn   | Place    | Note
--------------------------------------------------------------
     0 | D        | MordorOrchid, the Octopode Earth Elementalist, began the quest for the Orb.
     0 | D        | Reached XP level 1. HP: 11/11 MP: 3/3
     0 | D        | Found a roughly hewn altar of Beogh.
     0 | D        | Found a corrupted altar of Lugonu.
     1 | D        | Found a white marble altar of Elyvilon.
     1 | D        | Found an ancient bone altar of Kikubaaqudgha.
     2 | D        | Found a burning altar of Makhleb.
     2 | D        | Found an iron altar of Okawaru.
     4 | D        | Found a sparkling altar of Nemelex Xobeh.
     4 | D        | Found a deep blue altar of Sif Muna.
     6 | D        | Found a bloodstained altar of Trog.
    24 | D        | Found a radiant altar of Vehumet.
    36 | D        | Found a basalt altar of Yredelemnul.
    37 | D        | Found a shimmering altar of Xom.
    63 | D        | Reached skill level 4 in Fighting
    63 | D        | Reached skill level 5 in Shields
    63 | D        | Reached XP level 2. HP: 14/22 MP: 4/4
    67 | D        | Learned a level 2 spell: Stoneskin
    72 | D        | Entered arena 1.
    72 | D        | Noticed a water moccasin
    77 | D        | Succumbed to a water moccasin's poison

Action                   || total
-------------------------++-------
Melee: Broad axe         ||     3
  Use: Potion            ||     1
 Stab: Sleeping          ||     2
